Tiger trap

Match 39514905
End
Kradschützen Motorcycle Team
Selects Italian Combined Arms Battlegroup
Selects Bersaglieri Squad
Bersaglieri Squad
Bersaglieri Squad
Panzergrenadier Squad
Construct Light Support Kompanie
Fire Support Elements
Selects Bersaglieri Bolster
Flakvierling Half-track
Panzerjäger Mechanized Group
2.5-tonne Medical Truck
Selects Breda Model 30 Light Machine Guns
Pak 38 Anti-tank Gun Team
Selects Semovente da 75/18 Assault Gun
Semovente da 75/18 Assault Gun
Selects Carro Armato M13/40 Light Tank
Carro Armato M13/40 Light Tank
Construct Panzerarmee Kommand
Armored Reserves
le.IG 18 Support Gun Team
Selects Artillery Cover
MG34 Team
MG34 Team
Artillery Cover
Tiger Heavy Tank
Artillery Cover
Reakly
Stana
0
0

Comments sign in to comment!

No comments posted yet!